3AA
ATHLETIC CLUB KC ACADEMY @ OTTAWA NATIONALS
09/03/2038
 
TOP OF THE 1ST
Athletic Club KC Academy batting - Pitching for Ottawa Nationals : LHP Gerald Emerson
Pitching: LHP Gerald Emerson
Batting: RHB Gabriel Martínez 0-0: SINGLE (Groundball, 34D, EV 108.1 MPH)
Batting: RHB Donald Guegan 0-0: Ball
1-0: Called Strike
1-1: Ball
2-1: Foul Ball, location: 2F
2-2: Ball
3-2: Ground out 5-3 (Groundball, 5D, EV 103.1 MPH)
Gabriel Martínez to second
Batting: RHB Sancho Prieto 0-0: Ball
1-0: Swinging Strike
1-1: Swinging Strike
1-2: Foul Ball, location: 2F
1-2: Strikes out swinging
Batting: RHB Woody Thomas 0-0: Called Strike
0-1: Swinging Strike
0-2: Ball
1-2: Foul Ball, location: 2F
1-2: Foul Ball, location: 2F
1-2: Strikes out looking
Top of the 1st over - 0 runs, 1 hit, 0 errors, 1 left on base; Athletic Club KC Academy 0 - Ottawa 0
BOTTOM OF THE 1ST
Ottawa Nationals batting - Pitching for Athletic Club KC Academy : RHP Dorian Gunther
Pitching: RHP Dorian Gunther
Batting: LHB Jason Powell 0-0: Ball
1-0: Ball
2-0: Ball
3-0: Base on Balls
Batting: SHB Júlio Moreno 0-0: Fly out, F7 (Flyball, 7LD, EV 106.2 MPH)
Batting: RHB Cary Collins 0-0: Swinging Strike
0-1: Called Strike
0-2: Ball
1-2: Ball
2-2: Ball
Jason Powell steals 2nd base
3-2: SINGLE (Line Drive, 6MD, EV 102.5 MPH)
Jason Powell to third
Runner from 3rd tries for Home, SAFE, no throw by CF
Batting: RHB Sallvador Rebola 0-0: Ball
1-0: Ball
2-0: Called Strike
2-1: Called Strike
2-2: Grounds into double play, 4-6-3 (Groundball, 4, EV 80.0 MPH)
Bottom of the 1st over - 1 run, 1 hit, 0 errors, 0 left on base; Athletic Club KC Academy 0 - Ottawa 1
TOP OF THE 2ND
Athletic Club KC Academy batting - Pitching for Ottawa Nationals : LHP Gerald Emerson
Batting: LHB León Guillén 0-0: Foul Ball, location: 2F
0-1: SINGLE (Line Drive, 78S, EV 95.0 MPH)
Batting: RHB Rodrigo Sousa 0-0: Called Strike
0-1: Foul Ball, location: 2F
0-2: Ball
1-2: Foul Ball, location: 2F
1-2: Ball
2-2: Ball
3-2: Foul Ball, location: 2F
3-2: Base on Balls
León Guillén to second
Batting: LHB Ronnie Boehmer 0-0: Called Strike
0-1: SINGLE (Flyball, 5D, EV 85.6 MPH)
León Guillén to third
Rodrigo Sousa to second
Runner from 3rd tries for Home, SAFE, no throw by LF
Batting: LHB Oriol Fernández 0-0: Called Strike
0-1: Swinging Strike
0-2: Strikes out swinging
Batting: RHB Jorge Ávila 0-0: Fly out, F7 (Flyball, 78D, EV 100.6 MPH)
Batting: RHB Gabriel Martínez 0-0: Swinging Strike
0-1: Ball
1-1: Ball
2-1: Called Strike
2-2: Ground out 4-3 (Groundball, 34, EV 83.8 MPH)
Top of the 2nd over - 1 run, 2 hits, 0 errors, 2 left on base; Athletic Club KC Academy 1 - Ottawa 1
BOTTOM OF THE 2ND
Ottawa Nationals batting - Pitching for Athletic Club KC Academy : RHP Dorian Gunther
Batting: RHB Rey McSriff 0-0: Ball
1-0: Foul Ball, location: 2F
1-1: Ball
2-1: Ball
3-1: Base on Balls
Batting: RHB Manuel Vroonland 0-0: Ball
1-0: Ball
2-0: SINGLE (Groundball, 56D, EV 95.6 MPH)
Rey McSriff to second
Batting: RHB Chi-hyeong Kim 0-0: Ball
1-0: Foul Ball, location: 2F
1-1: Ball
2-1: SINGLE (Groundball, 34D, EV 105.0 MPH)
Rey McSriff to third
Manuel Vroonland to second
Batting: RHB Cheh Zhi 0-0: Ball
1-0: Called Strike
1-1: Ball
2-1: Called Strike
2-2: Ball
3-2: SINGLE (Line Drive, 4M, EV 96.2 MPH)
Rey McSriff scores
Manuel Vroonland to third
Chi-hyeong Kim to second
Batting: LHB Juan Rodríguez 0-0: Ball
1-0: Ball
2-0: Foul Ball, location: 2F
2-1: Foul Ball, location: 2F
2-2: Foul Ball, location: 2F
2-2: Foul Ball, location: 2F
2-2: Foul Ball, location: 2F
2-2: Ball
3-2: Base on Balls
Manuel Vroonland scores
Chi-hyeong Kim to third
Cheh Zhi to second
Batting: LHB Jason Powell 0-0: Ball
1-0: Ball
2-0: Swinging Strike
2-1: SINGLE (Groundball, 34S, EV 86.2 MPH) (infield hit)
Chi-hyeong Kim scores
Cheh Zhi to third
Juan Rodríguez to second
Batting: SHB Júlio Moreno 0-0: Ball
1-0: Ball
2-0: Ball
3-0: Foul Ball, location: 2F
3-1: Base on Balls
Cheh Zhi scores
Juan Rodríguez to third
Jason Powell to second
Batting: RHB Cary Collins 0-0: Foul Ball, location: 2F
0-1: Ball
1-1: SINGLE (Line Drive, 78S, EV 87.5 MPH)
Juan Rodríguez scores
Jason Powell to third
Júlio Moreno to second
Batting: RHB Sallvador Rebola 0-0: Ball
1-0: Foul Ball, location: 2F
1-1: SINGLE (Groundball, 34D, EV 94.4 MPH)
Jason Powell scores
Júlio Moreno to third
Cary Collins to second
Pitching: LHP Justin Wright
Batting: RHB Rey McSriff 0-0: Swinging Strike
0-1: Fly out, F8 (Flyball, 8RM, EV 89.4 MPH)
Runner from 3rd tags up, SCORES, no throw by CF
Batting: RHB Manuel Vroonland 0-0: Ball
1-0: Fly out, F7 (Flyball, 7LS, EV 95.0 MPH)
Batting: RHB Chi-hyeong Kim 0-0: Hit by Pitch
Cary Collins to third
Sallvador Rebola to second
Batting: RHB Cheh Zhi 0-0: Ball
1-0: Foul Ball, location: 2F
1-1: Foul Ball, location: 2F
1-2: Foul Ball, location: 2F
1-2: Ball
2-2: Ball
3-2: Ground out 5-3 (Groundball, 56, EV 103.8 MPH)
Bottom of the 2nd over - 7 runs, 6 hits, 0 errors, 3 left on base; Athletic Club KC Academy 1 - Ottawa 8
TOP OF THE 3RD
Athletic Club KC Academy batting - Pitching for Ottawa Nationals : LHP Gerald Emerson
Batting: RHB Donald Guegan 0-0: SINGLE (Flyball, 9LS, EV 91.9 MPH)
Batting: RHB Sancho Prieto 0-0: Ball
1-0: Ball
2-0: Ball
3-0: Foul Ball, location: 2F
3-1: Foul Ball, location: 2F
3-2: Strikes out swinging
Batting: RHB Woody Thomas 0-0: Ball
1-0: Called Strike
1-1: Ball
2-1: Ball
3-1: Base on Balls
Donald Guegan to second
Batting: LHB León Guillén 0-0: Ball
1-0: Ball
2-0: Called Strike
2-1: Foul Ball, location: 2F
2-2: Ball
3-2: Foul Ball, location: 2F
3-2: Base on Balls
Donald Guegan to third
Woody Thomas to second
Batting: RHB Rodrigo Sousa 0-0: Called Strike
0-1: Ball
1-1: DOUBLE (Line Drive, 5D, EV 100.0 MPH)
Donald Guegan scores
Woody Thomas scores
León Guillén to third
Batting: LHB Ronnie Boehmer 0-0: Called Strike
0-1: Ball
1-1: Called Strike
1-2: SINGLE (Line Drive, 8RS, EV 97.5 MPH)
León Guillén scores
Rodrigo Sousa to third
Runner from 3rd tries for Home, throw by CF and OUT! 8-2
Ronnie Boehmer to second
Batting: LHB Oriol Fernández 0-0: Called Strike
0-1: Ball
Passed Ball!
Ronnie Boehmer to third
1-1: Foul Ball, location: 2F
1-2: Ground out 4-3 (Groundball, 4, EV 81.2 MPH)
Top of the 3rd over - 3 runs, 3 hits, 0 errors, 1 left on base; Athletic Club KC Academy 4 - Ottawa 8
BOTTOM OF THE 3RD
Ottawa Nationals batting - Pitching for Athletic Club KC Academy : LHP Justin Wright
Batting: LHB Juan Rodríguez 0-0: Ball
1-0: Called Strike
1-1: Ball
2-1: Ground out 6-3 (Groundball, 6M, EV 87.5 MPH)
Batting: LHB Jason Powell 0-0: Ball
1-0: Ball
2-0: Ball
3-0: Called Strike
3-1: Base on Balls
Batting: SHB Júlio Moreno 0-0: Foul Ball, location: 2F
0-1: Ball
1-1: Called Strike
Jason Powell steals 2nd base
1-2: SINGLE (Groundball, 4D, EV 103.1 MPH)
Jason Powell to third
Runner from 3rd tries for Home, SAFE, throw by CF to home
Batting: RHB Cary Collins 0-0: Called Strike
0-1: Ball
1-1: Swinging Strike
1-2: Fly out, F9 (Flyball, 9LS, EV 83.1 MPH)
Batting: RHB Sallvador Rebola 0-0: Called Strike
Júlio Moreno steals 2nd base
0-1: Ground out 4-3 (Groundball, 4, EV 93.1 MPH)
Bottom of the 3rd over - 1 run, 1 hit, 0 errors, 1 left on base; Athletic Club KC Academy 4 - Ottawa 9
TOP OF THE 4TH
Athletic Club KC Academy batting - Pitching for Ottawa Nationals : LHP Gerald Emerson
Batting: RHB Jorge Ávila 0-0: Ball
1-0: Foul Ball, location: 2F
1-1: Foul Ball, location: 2F
1-2: Fly out, F7 (Line Drive, 7D, EV 100.6 MPH)
Batting: RHB Gabriel Martínez 0-0: Called Strike
0-1: Called Strike
0-2: Foul Ball, location: 2F
0-2: Ball
1-2: Foul Ball, location: 2F
1-2: Ball
2-2: Foul Ball, location: 2F
2-2: Ball
3-2: Base on Balls
Pitching: RHP Yoshihide Hirata
Batting: RHB Donald Guegan 0-0: Ball
1-0: Foul Ball, location: 2F
1-1: Swinging Strike
1-2: Ball
2-2: Foul Ball, location: 2F
2-2: Strikes out swinging
Batting: RHB Sancho Prieto 0-0: Ball
1-0: Ball
2-0: Foul Ball, location: 2F
2-1: Ball
3-1: Called Strike
3-2: Strikes out swinging
Top of the 4th over - 0 runs, 0 hits, 0 errors, 1 left on base; Athletic Club KC Academy 4 - Ottawa 9
BOTTOM OF THE 4TH
Ottawa Nationals batting - Pitching for Athletic Club KC Academy : LHP Justin Wright
Batting: RHB Rey McSriff 0-0: Ball
1-0: SOLO HOME RUN (Flyball, 7LD, EV 100.0 MPH), Distance : 363 ft
Batting: RHB Manuel Vroonland 0-0: Ball
1-0: Called Strike
1-1: Fly out, F9 (Line Drive, 9, EV 101.2 MPH)
Batting: RHB Chi-hyeong Kim 0-0: Foul Ball, location: 2F
0-1: Ball
1-1: Foul Ball, location: 2F
1-2: Strikes out swinging
Batting: RHB Cheh Zhi 0-0: Called Strike
0-1: Ball
1-1: Swinging Strike
1-2: Ball
2-2: Ball
3-2: Foul Ball, location: 2F
3-2: Hit by Pitch
Batting: LHB Juan Rodríguez 0-0: Swinging Strike
0-1: Called Strike
0-2: Strikes out looking
Bottom of the 4th over - 1 run, 1 hit, 0 errors, 1 left on base; Athletic Club KC Academy 4 - Ottawa 10
TOP OF THE 5TH
Athletic Club KC Academy batting - Pitching for Ottawa Nationals : RHP Yoshihide Hirata
Batting: RHB Woody Thomas 0-0: Ball
1-0: Foul Ball, location: 2F
1-1: Foul Ball, location: 2F
1-2: Foul Ball, location: 2F
1-2: Strikes out looking
Batting: LHB León Guillén 0-0: Fly out, F7 (Flyball, 7, EV 81.9 MPH)
Batting: RHB Rodrigo Sousa 0-0: Foul Ball, location: 2F
0-1: SINGLE (Line Drive, 89S, EV 93.1 MPH)
Batting: LHB Ronnie Boehmer 0-0: Ball
1-0: Ball
2-0: Swinging Strike
2-1: Ball
3-1: Foul Ball, location: 2F
3-2: SINGLE (Flyball, 56D, EV 97.5 MPH)
Rodrigo Sousa to second
Rodrigo Sousa to third
Batting: LHB Oriol Fernández 0-0: Ball
1-0: SINGLE (Line Drive, 8LS, EV 96.2 MPH)
Rodrigo Sousa scores
Ronnie Boehmer to second
Runner from 2nd tries for 3rd, SAFE, throw by CF made to third
Batting: RHB Jorge Ávila 0-0: Called Strike
0-1: Ball
1-1: Swinging Strike
1-2: Foul Ball, location: 2F
1-2: Strikes out swinging, 2-3 out at first.
Top of the 5th over - 1 run, 3 hits, 0 errors, 2 left on base; Athletic Club KC Academy 5 - Ottawa 10
BOTTOM OF THE 5TH
Ottawa Nationals batting - Pitching for Athletic Club KC Academy : LHP Justin Wright
Batting: LHB Jason Powell 0-0: Ball
1-0: Ball
2-0: Ball
3-0: Called Strike
3-1: Fly out, F6 (Line Drive, 6, EV 72.5 MPH)
Batting: SHB Júlio Moreno 0-0: Ball
1-0: Ball
2-0: Foul Ball, location: 2F
2-1: Ball
3-1: Foul Ball, location: 2F
3-2: Strikes out looking
Batting: RHB Cary Collins 0-0: Ball
1-0: Called Strike
1-1: Ball
2-1: SINGLE (Groundball, 34D, EV 101.2 MPH)
Pitching: RHP James Cook
Batting: RHB Sallvador Rebola 0-0: Called Strike
0-1: Ball
1-1: Hit by Pitch
Cary Collins to second
Batting: RHB Rey McSriff 0-0: Ball
1-0: Ball
2-0: Ball
3-0: Base on Balls
Cary Collins to third
Sallvador Rebola to second
Batting: RHB Manuel Vroonland 0-0: Fly out, F7 (Flyball, 7, EV 81.9 MPH)
Bottom of the 5th over - 0 runs, 1 hit, 0 errors, 3 left on base; Athletic Club KC Academy 5 - Ottawa 10
TOP OF THE 6TH
Athletic Club KC Academy batting - Pitching for Ottawa Nationals : RHP Yoshihide Hirata
Batting: RHB Gabriel Martínez 0-0: Called Strike
0-1: Ball
1-1: Ball
2-1: Ball
3-1: Foul Ball, location: 2F
3-2: Fly out, F6 (Line Drive, 6, EV 73.1 MPH)
Batting: RHB Donald Guegan 0-0: Ball
1-0: Fly out, F8 (Flyball, 8RD, EV 103.8 MPH)
Batting: RHB Sancho Prieto 0-0: Ball
1-0: Called Strike
1-1: Called Strike
1-2: Strikes out looking
Top of the 6th over - 0 runs, 0 hits, 0 errors, 0 left on base; Athletic Club KC Academy 5 - Ottawa 10
BOTTOM OF THE 6TH
Ottawa Nationals batting - Pitching for Athletic Club KC Academy : RHP James Cook
Batting: RHB Chi-hyeong Kim 0-0: Foul Ball, location: 2F
0-1: Foul Ball, location: 2F
0-2: SINGLE (Line Drive, 7S, EV 93.1 MPH)
Batting: RHB Cheh Zhi 0-0: Called Strike
0-1: Called Strike
0-2: Fly out, F9 (Flyball, 9, EV 83.8 MPH)
Batting: LHB Juan Rodríguez 0-0: Foul Ball, location: 2F
0-1: SINGLE (Groundball, 4MS, EV 71.9 MPH) (infield hit)
Chi-hyeong Kim to second
Batting: LHB Jason Powell 0-0: Ball
1-0: Fly out, F9 (Flyball, 9LS, EV 81.9 MPH)
Batting: SHB Júlio Moreno 0-0: Fly out, F7 (Flyball, 7LD, EV 85.0 MPH)
Bottom of the 6th over - 0 runs, 2 hits, 0 errors, 2 left on base; Athletic Club KC Academy 5 - Ottawa 10
TOP OF THE 7TH
Athletic Club KC Academy batting - Pitching for Ottawa Nationals : RHP Yoshihide Hirata
Batting: RHB Woody Thomas 0-0: Called Strike
0-1: Fly out, F9 (Flyball, 9LM, EV 87.5 MPH)
Batting: LHB León Guillén 0-0: Called Strike
0-1: Foul Ball, location: 2F
0-2: Fly out, F7 (Flyball, 78M, EV 89.4 MPH)
Batting: RHB Rodrigo Sousa 0-0: Ball
1-0: Fly out, F8 (Flyball, 78M, EV 92.5 MPH)
Top of the 7th over - 0 runs, 0 hits, 0 errors, 0 left on base; Athletic Club KC Academy 5 - Ottawa 10
BOTTOM OF THE 7TH
Ottawa Nationals batting - Pitching for Athletic Club KC Academy : RHP James Cook
Batting: RHB Cary Collins 0-0: Called Strike
0-1: Ball
1-1: Fly out, F8 (Flyball, 8LD, EV 96.9 MPH)
Batting: RHB Sallvador Rebola 0-0: Ball
1-0: Ground out 1-3 (Groundball, 34S, EV 70.6 MPH)
Batting: RHB Rey McSriff 0-0: Ground out 3-1 (Groundball, 34, EV 85.0 MPH)
Bottom of the 7th over - 0 runs, 0 hits, 0 errors, 0 left on base; Athletic Club KC Academy 5 - Ottawa 10
TOP OF THE 8TH
Athletic Club KC Academy batting - Pitching for Ottawa Nationals : RHP Yoshihide Hirata
Batting: LHB Ronnie Boehmer 0-0: Ball
1-0: Ball
2-0: Fly out, F7 (Flyball, 78M, EV 90.6 MPH)
Batting: LHB Oriol Fernández 0-0: Swinging Strike
0-1: Foul Ball, location: 2F
0-2: Ground out 6-3 (Groundball, 56, EV 80.6 MPH)
Batting: RHB Jorge Ávila 0-0: Called Strike
0-1: Ball
1-1: Called Strike
1-2: Strikes out swinging, 2-3 out at first.
Top of the 8th over - 0 runs, 0 hits, 0 errors, 0 left on base; Athletic Club KC Academy 5 - Ottawa 10
BOTTOM OF THE 8TH
Ottawa Nationals batting - Pitching for Athletic Club KC Academy : RHP James Cook
Batting: RHB Manuel Vroonland 0-0: Foul Ball, location: 2F
0-1: Ball
1-1: Ball
2-1: Ground out 1-3 (Groundball, 15S, EV 76.2 MPH)
Batting: RHB Chi-hyeong Kim 0-0: Foul Ball, location: 2F
0-1: Foul Ball, location: 2F
0-2: Foul Ball, location: 2F
0-2: Strikes out swinging
Batting: RHB Cheh Zhi 0-0: Ball
1-0: Ball
2-0: Called Strike
2-1: Fly out, F8 (Flyball, 8LD, EV 89.4 MPH)
Bottom of the 8th over - 0 runs, 0 hits, 0 errors, 0 left on base; Athletic Club KC Academy 5 - Ottawa 10
TOP OF THE 9TH
Athletic Club KC Academy batting - Pitching for Ottawa Nationals : RHP Yoshihide Hirata
Batting: RHB Gabriel Martínez 0-0: Foul Ball, location: 2F
0-1: Ball
1-1: Foul Ball, location: 2F
1-2: Ground out 4-3 (Groundball, 4, EV 107.5 MPH)
Batting: RHB Donald Guegan 0-0: Ball
1-0: Ball
2-0: Foul Ball, location: 2F
2-1: DOUBLE (Line Drive, 89D, EV 104.4 MPH)
Pitching: RHP Lucho Pousa
Batting: RHB Sancho Prieto 0-0: Ball
1-0: Foul Ball, location: 2F
1-1: Ball
2-1: Fly out, F9 (Flyball, 9D, EV 90.6 MPH)
Runner from 2nd tags up, SAFE at 3rd, no throw by RF
Batting: RHB Woody Thomas 0-0: Called Strike
0-1: Called Strike
0-2: Ball
1-2: Strikes out swinging
Top of the 9th over - 0 runs, 1 hit, 0 errors, 1 left on base; Athletic Club KC Academy 5 - Ottawa 10
Friday, April 17th, 2020 - OOTP Baseball 20.8 Build 74